 Dungeon Crawl Stone Soup version 0.27.1-3-gb3d3a73c9e (webtiles) character file.

Game seed: 16271459780055331951

46 belegose the Charlatan (level 3, 0/27 HPs)
             Began as a Demonspawn Artificer on Oct 16, 2021.
             Succumbed to an adder's poison
             ... on level 2 of the Dungeon.
             The game lasted 00:03:39 (2291 turns).

belegose the Charlatan (Demonspawn Artificer)       Turns: 2291, Time: 00:03:40

Health: 0/27       AC:  7    Str: 12 (13) XL:     3   Next: 44%
Magic:  3/3        EV:  9    Int: 11 (12) God:
Gold:   31         SH:  0    Dex: 12 (13) Spells: 2/2 levels left

rFire    . . .     SeeInvis .   o - staff of earth
rCold    . . .     Faith    .   (no shield)
rNeg     . . .     Spirit   .   k - +0 scale mail
rPois    .         Reflect  .   (no helmet)
rElec    .         Harm     .   (no cloak)
rCorr    .         Rampage  .   (no gloves)
Will     .....                  q - +0 pair of boots
Stlth    ..........             (no amulet)
HPRegen  0.09/turn              (no ring)
MPRegen  0.08/turn              (no ring)

@: lethally poisoned (0 -> -3)
A: demonic magic 1
a: no special abilities


You were on level 2 of the Dungeon.
You visited 1 branch of the dungeon, and saw 2 of its levels.

You collected 31 gold pieces.

Inventory:

Hand Weapons
 m - a +0 short sword
Missiles
 l - 13 stones
Armour
 b - a +0 ring mail
 k - a +0 scale mail (worn)
 q - a +0 pair of boots (worn)
Magical Staves
 o - a staff of earth (weapon)
Wands
 c - a wand of flame (14) (quivered)
 d - a wand of charming (13)
Scrolls
 f - 3 scrolls of vulnerability {unknown}
 h - a scroll of teleportation {unknown}
 i - a scroll of amnesia {unknown}
 j - a scroll of fog {unknown}
 p - 2 scrolls of identify {unknown}
Potions
 a - 2 potions of degeneration
 g - a potion of haste {unknown}
 n - 2 potions of lignification {unknown}
 r - a potion of ambrosia {unknown}
Miscellaneous
 e - a piece from Xom's chessboard (15/15)


   Skills:
 + Level 2.1 Fighting
 + Level 2.4 Armour
 - Level 0.8 Dodging
 - Level 0.8 Stealth
 + Level 3.5 Evocations


You had 2 spell levels left.
You didn't know any spells.
Your spell library was empty.

Dungeon Overview and Level Annotations

Branches:
Dungeon (2/15)

Altars:


Innate Abilities, Weirdness & Mutations

Spells you cast may paralyse adjacent enemies.


Message History

You barely miss the adder. The adder bites you.
You are poisoned.
The adder poisons you!
You closely miss the adder.
You feel sick. The adder bites you but does no damage. The adder bites you.
You hit the adder.
The adder is moderately wounded.
You feel sick. The adder bites you.
You closely miss the adder.
The adder is moderately wounded.
You feel sick.
The adder bites you but does no damage. x2
You hit the adder.
The adder is severely wounded.
You feel sick. The adder closely misses you.
You closely miss the adder.
The adder is severely wounded.
You feel sick. The adder bites you but does no damage. The adder bites you.
You are more poisoned.
The adder poisons you!
You closely miss the adder.
The adder is severely wounded.
* * * LOW HITPOINT WARNING * * *
You feel very sick. The adder bites you.
* * * LOW HITPOINT WARNING * * *
You hit the adder.
The adder is almost dead.
* * * LOW HITPOINT WARNING * * *
You feel sick. The adder bites you but does no damage.
The adder closely misses you.
You hit the adder.
The adder is almost dead.
* * * LOW HITPOINT WARNING * * *
You feel sick. The adder bites you.
* * * LOW HITPOINT WARNING * * *
Unknown command.
It was a potion of degeneration.
There was something very wrong with that liquid.
You feel weakened.
You feel dopey.
You feel clumsy.
You die...

###
#....♣♣.........#
#...............####
#..................#
#................# #
#......#.......#.#
########..##.#.#
#....>##.#########
#.######..#.#.#.#.
#@# ##...#.#.#.
♣..S..# ##....#...
♣.....# #.##.†.##
♣.....# #.######
♣.....# #.# ♣....##
#.. ...#.# #.. ....
.# .... ....


You could see an adder.

Vanquished Creatures
  An adder (D:2)
  3 bats
  3 endoplasms (D:1)
  5 giant cockroaches
  3 goblins
  2 hobgoblins (D:2)
  5 jackals (D:1)
  2 kobolds (D:1)
  4 ball pythons
  2 rats (D:1)
30 creatures vanquished.

Vanquished Creatures (others)
  A jackal (D:1)
1 creature vanquished.

Grand Total: 31 creatures vanquished

Notes
Turn   | Place    | Note
-------+----------+-------------------------------------------
     0 | D:1      | belegose the Demonspawn Artificer began the quest for the
                  | Orb.
     0 | D:1      | Reached XP level 1. HP: 15/15 MP: 1/1
   477 | D:1      | Gained mutation: Spells you cast may paralyse adjacent
                  | enemies. [demonic ancestry]
   477 | D:1      | Reached XP level 2. HP: 8/21 MP: 2/2
  1976 | D:2      | Reached XP level 3. HP: 22/27 MP: 3/3
  2290 | D:2      | HP: 1/27 [adder (1)]
  2291 | D:2      | Succumbed to an adder's poison

Illustrated notes

Levels and vault maps discovered:
D:1:      heliophobic_arrival_glass_houses, layout_basic
D:2:      layout_basic, serial_forest, infiniplex_forest_clump_tiny,
          infiniplex_forest_end_2, infiniplex_forest_lined_room_,
          infiniplex_forest_end_2, infiniplex_forest_lined_1,
          infiniplex_forest_side_room, infiniplex_forest_straight_4,
          infiniplex_forest_straight_3, infiniplex_forest_corner_1,
          minmay_worlds_worst_comb

Skill      XL: |  1  2 |
---------------+-------+-----
Armour         | 2 |  2.4
Fighting       | 2 |  2.1
Dodging        | |  0.8
Stealth        | |  0.8
Evocations     | |  3.5

Action                   || total
-------------------------++-------
Melee: Dagger            ||    89
       Club              ||     4
       Staff             ||    57
       Short sword       ||     5
Evoke: Wand              ||     3
  Use: Potion            ||     1
Armor: Leather armour    ||    21
       Scale mail        ||    50
Dodge: Dodged            ||    81
